 Dungeon Crawl Stone Soup version 0.28.0 (webtiles) character file.

Game seed: 1442169129479322968

389 HallandMoats the Skirmisher (level 6, -4/56 HPs)
             Began as a Ghoul Monk on Feb 12, 2022.
             Was an Elder of Nemelex Xobeh.
             Splashed by a jelly's acid (9 damage)
             ... on level 5 of the Dungeon.
             The game lasted 00:03:21 (4365 turns).

HallandMoats the Skirmisher (Ghoul Monk)            Turns: 4365, Time: 00:03:22

Health: -4/56      AC: -2    Str: 17    XL:     6   Next: 79%
Magic:  6/6        EV: 11    Int:  5    God:    Nemelex Xobeh [****..]
Gold:   239        SH:  0    Dex: 11    Spells: 5/5 levels left

rFire   . . .      SeeInvis .     - Unarmed
rCold   + . .      Faith    .   (no shield)
rNeg    + + +      Spirit   .   f - +0 ring mail
rPois   ∞          Reflect  .   (no helmet)
rElec   .          Harm     .   (no cloak)
rCorr   .          Rampage  .   (no gloves)
Will    .....                   (no boots)
Stlth   +.........              (no amulet)
HPRegen 0.00/turn               (no ring)
MPRegen 0.10/turn               (no ring)

@: corroded, inhibited regen
A: claws 1, cold resistance 1, negative energy resistance 3, inhibited
regeneration, torment resistance 2
a: Renounce Religion, Draw Escape, Draw Destruction, Draw Summoning, Triple
Draw, Deal Four


You were on level 5 of the Dungeon.
You worshipped Nemelex Xobeh.
Nemelex Xobeh was greatly pleased with you.
You visited 1 branch of the dungeon, and saw 5 of its levels.

You collected 239 gold pieces.

Inventory:

Armour
 f - a +0 ring mail (worn)
Jewellery
 j - a ring of ice
Wands
 i - a wand of iceblast (8)
Scrolls
 a - a scroll of brand weapon {unknown}
 c - 4 scrolls of amnesia {unknown}
 d - a scroll of immolation {unknown}
 e - 5 scrolls of identify {unknown}
 g - a scroll of silence {unknown}
 h - a scroll of teleportation {unknown}
 l - a scroll of noise {unknown}
 n - a scroll of magic mapping {unknown}
Potions
 b - a potion of flight {unknown}
 k - a potion of cancellation {unknown}
 m - a potion of mutation {unknown}


   Skills:
 * Level 5.2 Fighting
 + Level 2.0 Armour
 + Level 3.5 Dodging
 - Level 2.1 Stealth
 * Level 5.1 Unarmed Combat
 + Level 2.2 Invocations


You had 5 spell levels left.
You didn't know any spells.
Your spell library contained the following spells:

 Spells                   Type           Power      Damage    Failure   Level
 Scorch                   Fire           0%         2d5       82%         2
 Animate Dead             Necr           0%         N/A       100%        4
 Flame Wave               Conj/Fire      0%         2d4       100%        4
 Fulminant Prism          Conj/Hex       0%         3d6       100%        4
 Iskenderun's Mystic Bla  Conj/Tloc      0%         2d3       100%        4
 Lee's Rapid Deconstruct  Erth           0%         3d5*      100%        5
 Summon Cactus Giant      Summ           0%         N/A       100%        6
 Haunt                    Necr/Summ      0%         N/A       100%        7
 Infestation              Necr           0%         N/A       100%        8


Dungeon Overview and Level Annotations

Branches:
Dungeon (5/15)             Temple (0/1) D:4

Altars:
Nemelex Xobeh


Innate Abilities, Weirdness & Mutations

You thrive by killing the living.
You are immune to poison.
You have sharp fingernails.
Your flesh is cold resistant. (rC+)
You are immune to negative energy. (rN+++)
You do not regenerate when monsters are visible.
You are immune to unholy pain and torment.


Message History

A gnoll shaman comes into view. It is wielding a +0 whip.
The gnoll shaman shouts!
The gnoll shouts!
You scratch the jelly but do no damage.
Your claws burn!
The jelly closely misses you.
You barely miss the jelly. The jelly hits you.
You are splashed with acid!
You scratch the jelly.
Your claws burn!
The jelly is moderately wounded.
You scratch the jelly. The acid corrodes you!
Your claws burn!
The jelly is heavily wounded.
The jelly barely misses you.
You scratch the jelly. The acid corrodes you!
Your claws burn!
The jelly is severely wounded.
The jelly completely misses you.
A scorpion zombie comes into view.
You scratch the jelly but do no damage. The acid corrodes you!
Your claws burn!
You claw the jelly, but do no damage.
The jelly is severely wounded.
The jelly hits you.
You are splashed with acid!
The gnoll hits you from afar with a +0 spear.
* * * LOW HITPOINT WARNING * * *
You are too injured to fight recklessly!
You are too injured to fight recklessly!
You are too injured to fight recklessly!
You are too injured to fight recklessly!
You are too injured to fight recklessly!
You are too injured to fight recklessly!
There are monsters nearby!
There are monsters nearby!
Unknown command.
The jelly jiggles.
A water moccasin skeleton comes into view.
The water moccasin skeleton bites you.
* * * LOW HITPOINT WARNING * * *
You scratch the water moccasin skeleton but do no damage.
The water moccasin skeleton barely misses you.
The jelly hits you.
* * * LOW HITPOINT WARNING * * *
You are splashed with acid!
You die...
Your body glows with a rainbow of weird colours and disappears. #..... .# # #.... .. ### .# .gZ

#.##.# .# #.# ....... #.#
...#. #g# # ... #g# # #Z#
#g# # #@# #.# # #J# #.# #
#.# #.# ## #g# ##.###.
#..# #.##########...##.
#..# #.g.g.g......#....
#..###############....##.
#..<.....# #.#####.
#..#####.## #.# #.


You could see a jelly, 2 gnolls and a water moccasin skeleton.

Vanquished Creatures
  An orc priest (D:4)
  Jessica (D:2)
  3 iguanas
  Terence (D:3)
  A scorpion zombie (D:5)
  2 orc wizards
  6 adders
  A worm (D:3)
  3 dart slugs (D:4)
  8 orcs
  11 endoplasms
  A giant cockroach (D:1)
  4 goblins
  7 hobgoblins
  4 kobolds (D:1)
  9 quokkas
  9 ball pythons
  8 bats
  6 frilled lizards
  6 rats
92 creatures vanquished.

Notes
Turn   | Place    | Note
-------+----------+-------------------------------------------
     0 | D:1      | HallandMoats the Ghoul Monk began the quest for the Orb.
     0 | D:1      | Reached XP level 1. HP: 19/19 MP: 0/0
    43 | D:1      | Reached XP level 2. HP: 15/26 MP: 1/1
   611 | D:1      | Reached XP level 3. HP: 32/33 MP: 2/2
   671 | D:1      | Found a faded altar of an unknown god.
   785 | D:1      | Prayed at the altar of an unknown god.
   785 | D:1      | Became a worshipper of Nemelex Xobeh the Trickster
   785 | D:1      | Reached * piety under Nemelex Xobeh
   785 | D:1      | Received a gift from Nemelex Xobeh
   785 | D:1      | Reached ** piety under Nemelex Xobeh
   785 | D:1      | Received a gift from Nemelex Xobeh
  1411 | D:2      | Noticed Jessica
  1416 | D:2      | Killed Jessica
  1417 | D:2      | Reached skill level 1 in Invocations
  1417 | D:2      | Reached XP level 4. HP: 40/40 MP: 3/3
  1466 | D:2      | Reached *** piety under Nemelex Xobeh
  1514 | D:2      | Reached skill level 1 in Armour
  1663 | D:2      | Identified the -2 cloak "Trusted Companion" {rN++ Will-
                  | rCorr Stlth+}
  1701 | D:2      | Received a gift from Nemelex Xobeh
  2069 | D:3      | Noticed Terence
  2083 | D:3      | Killed Terence
  2084 | D:3      | Reached XP level 5. HP: 28/47 MP: 3/5
  3067 | D:4      | Found a staircase to the Ecumenical Temple.
  3121 | D:4      | Received a gift from Nemelex Xobeh
  3155 | D:4      | Reached **** piety under Nemelex Xobeh
  3258 | D:4      | Reached XP level 6. HP: 55/55 MP: 6/6
  3337 | D:4      | Reached skill level 5 in Fighting
  3928 | D:5      | Entered Level 5 of the Dungeon
  3963 | D:5      | Reached skill level 5 in Unarmed Combat
  4255 | D:5      | Received a gift from Nemelex Xobeh
  4365 | D:5      | Splashed by a jelly's acid

Illustrated notes

Levels and vault maps discovered:
D:1:      dpeg_arrival_rooms_a, layout_loops_ring,
          shapermc_ecumenical_altar_mp_urbaneastern, minmay_indecisive_spiral
D:2:      layout_basic, uniq_jessica
D:3:      layout_basic, uniq_terence
D:4:      nicolae_cairo_tiling_very_big, layout_loops_ring,
          minmay_temple_entry_statues_fountains
D:5:      layout_loops_ring, ebering_ghost_sewer_d, kennysheep_flooded_box,
          patterned_corridor, uniq_grinder

Skill      XL: |  1  2  3  4  5  6 |
---------------+-------------------+-----
Fighting       | 4 5 |  5.2
Dodging        | 3 |  3.5
Unarmed Combat | 4 5 |  5.1
Invocations    | 1 2 |  2.2
Armour         | 1 2 |  2.0
Stealth        | |  2.1

Action                   |  1- 3 |  4- 6 || total
-------------------------+-------+-------++-------
Melee: Unarmed           |   109 |   209 ||   318
       Punch             |     2 |    10 ||    12
 Stab: Sleeping          |     8 |     1 ||     9
Armor: Robe              |    27 |       ||    27
       Ring mail         |     4 |    63 ||    67
Dodge: Dodged            |    81 |    95 ||   176
